 Dungeon Crawl Stone Soup version 0.16-a0-3253-g5709529 (webtiles) character file.

324 muravey the Gusty (level 6, -1/32 HPs)
             Began as a Tengu Air Elementalist on Dec 23, 2014.
             Was an Initiate of Gozag.
             Slain by an orc wizard
             ... wielding a +0 dagger
              (4 damage)
             ... on level 3 of the Dungeon.
             The game lasted 00:10:34 (2699 turns).

muravey the Gusty (Tengu Air Elementalist)          Turns: 2699, Time: 00:10:34

Health: -1/32      AC:  2    Str:  8    XL:     6   Next: 48%
Magic:  13/15      EV: 13    Int: 17    God:    Gozag
Gold:   95         SH:  0    Dex: 15    Spells: 3 memorised, 6 levels left

rFire  . . .     SeeInvis .     x - +0 long sword (elec)
rCold  . . .     Clarity  .     a - +0 robe
rNeg   + . .     SustAb   .     (no shield)
rPois  .         Gourm    .     (helmet restricted)
rElec  .         Spirit   .     (no cloak)
rCorr  +         Warding  .     (no gloves)
rMut   .         Stasis   .     (boots unavailable)
MR     .....                    u - amulet of resist corrosion
Stlth  ++........               (no ring)
                                r - ring of positive energy

@: not resistant to hostile enchantments, unstealthy
A: able to fly, beak, talons 3
a: Fly, Potion Petition, Call Merchant, Bribe Branch, Renounce Religion


You were on level 3 of the Dungeon.
You worshipped Gozag.
Gozag was noncommittal.
You were hungry.

You visited 1 branch of the dungeon, and saw 3 of its levels.

You collected 171 gold pieces.
You paid 76 gold pieces to Gozag.

Inventory:

Hand weapons
 m - a +0 dagger
 p - a +0 spear
 s - a +0 great sword
 x - a +0 long sword of electrocution (weapon)
 C - a +0 blowgun
Missiles
 l - 7 javelins
 o - 7 tomahawks (quivered)
 B - 13 poisoned needles
Armour
 a - a +0 robe (worn)
 g - a +0 buckler
Jewellery
 r - a ring of positive energy (left hand)
 u - an amulet of resist corrosion (around neck)
Magical devices
 y - a wand of random effects (21)
Scrolls
 d - a scroll of random uselessness {unknown}
 e - 2 scrolls of identify {unknown}
 h - a scroll of enchant weapon {unknown}
 i - 2 scrolls of remove curse {unknown}
 j - a scroll of teleportation {unknown}
 q - a scroll of recharging {unknown}
 v - a scroll of amnesia {unknown}
 w - 3 scrolls of immolation {unknown}
 D - a scroll of blinking {unknown}
Potions
 n - 2 potions of might {!q}
 t - 3 potions of brilliance {!q}
 z - a potion of flight {!q, unknown}
 A - a potion of magic {!q, unknown}
Books
 b - a book of Air

   Spells                             Type                      Level
   a - Shock                          Conjuration/Air              1
   b - Swiftness                      Charms/Air                   2
   c - Repel Missiles                 Charms/Air                   2
   d - Flight                         Charms/Air                   3
   e - Static Discharge               Conjuration/Air              3
   f - Lightning Bolt                 Conjuration/Air              5
Comestibles
 c - 2 bread rations
 E - a slice of pizza
 F - a meat ration


   Skills:
 + Level 0.2 Fighting
 + Level 0.7(0.8) Short Blades
 + Level 0.2(0.5) Long Blades
 - Level 0.2 Throwing
 + Level 2.7 Dodging
 - Level 2.0 Stealth
 - Level 0.2 Unarmed Combat
 + Level 3.6 Spellcasting
 * Level 4.9 Conjurations
 + Level 5.7 Air Magic


You had 6 spell levels left.
You knew the following spells:

 Your Spells              Type           Power        Failure   Level  Hunger
d - Static Discharge      Conj/Air       ###.....     8%          3    ###....
s - Swiftness             Chrm/Air       ##......     10%         2    ##.....
z - Shock                 Conj/Air       ###.         1%          1    None


Dungeon Overview and Level Annotations

Branches:
Dungeon (3/15)

Altars:
Cheibriados
Gozag
Nemelex Xobeh
Vehumet


Innate Abilities, Weirdness & Mutations

You can fly.
You have a beak for a mouth.
You have claws for feet.


Message History

Press: ? - help, Shift-Dir - straight line The zap hits something. x2
You feel a bit more experienced.
Casting: Shock
Confirm with . or Enter, or press ? or * to list all spells.
Okay, then.
You miss something. You claw something. Your peck misses something.
Something barely misses you.
You closely miss something. Your kick misses something. You peck something.
You hear some strange, mumbled words.
A puff of flame appears from out of thin air!
The puff of flame hits you!
* * * LOW HITPOINT WARNING * * *
Something hits you.
* * * LOW HITPOINT WARNING * * *
You miss something.
You hear some strange, mumbled words.
You are confused.
Unknown command.
You're too confused to cast spells.
Unknown command.
You bump into the rock wall.
Something hits you.
* * * LOW HITPOINT WARNING * * *
You closely miss something. You claw something.
You hear some strange, mumbled words.
A puff of flame appears from out of thin air!
The puff of flame misses you.
You bump into the rock wall.
Something hits you but does no damage.
You bump into the rock wall.
You are feeling hungry.
Something hits you but does no damage.
You feel less confused. Something hits you.
* * * LOW HITPOINT WARNING * * *
You hear some strange, mumbled words.
The puff of flame misses you.
You barely miss something. Your kick misses something.
Something barely misses you. Something hits you.
You die...
Your body crumbles into a pile of gold.

# o. .# ############# .#
#...........# o#
#...........####### o#
#...........##....# .#
####.....)...##....###.#
...##........##..@{..$.#
.8..##.......###'###########
.....#.......###.#.........#
._...#...............#####.#
...⌠.'...............###.#
._...#)..................#
.....#............##.#.###.#
.8..##.......#.............#
...########.....####.#<#####


There were no monsters in sight!

Vanquished Creatures
  A centaur (D:3)
  An ogre (D:3)
  An orc priest (D:3)
  An orc wizard (D:3)
  Ijyb (D:2)
  2 adders (D:2)
  4 worms (D:3)
  2 oozes
  4 orcs (D:3)
  A giant cockroach (D:2)
  8 hobgoblins
  4 jackals (D:2)
  10 kobolds
  6 bats
  5 giant newts
  8 goblins
  6 rats
65 creatures vanquished.

Notes
Turn   | Place    | Note
--------------------------------------------------------------
     0 | D:1      | muravey, the Tengu Air Elementalist, began the quest for the Orb.
     0 | D:1      | Reached XP level 1. HP: 10/10 MP: 3/3
   411 | D:1      | Reached XP level 2. HP: 15/15 MP: 0/5
   824 | D:2      | Found a radiant altar of Vehumet.
   831 | D:2      | Became a worshipper of Vehumet
   878 | D:2      | Reached XP level 3. HP: 19/19 MP: 0/7
   884 | D:2      | Learned a level 3 spell: Static Discharge
   887 | D:2      | Learned a level 2 spell: Swiftness
  1032 | D:2      | Found a snail-covered altar of Cheibriados.
  1519 | D:2      | Noticed Ijyb
  1531 | D:2      | Killed Ijyb
  1531 | D:2      | Reached skill level 5 in Air Magic
  1531 | D:2      | Reached XP level 4. HP: 24/24 MP: 5/9
  1876 | D:3      | Noticed a centaur
  1905 | D:3      | HP: 1/24 [centaur/arrow (2)]
  1908 | D:3      | Killed a centaur
  1908 | D:3      | Reached XP level 5. HP: 2/28 MP: 7/13
  2240 | D:3      | Found a sparkling altar of Nemelex Xobeh.
  2242 | D:3      | Found an opulent altar of Gozag.
  2311 | D:3      | Fell from the grace of Vehumet
  2311 | D:3      | Became a worshipper of Gozag Ym Sagoz the Greedy
  2448 | D:3      | Noticed an ogre
  2452 | D:3      | Killed an ogre
  2452 | D:3      | Reached XP level 6. HP: 30/32 MP: 9/15
  2699 | D:3      | Slain by an orc wizard

Action                   |  1- 3 |  4- 6 || total
-------------------------+-------+-------++-------
Melee: Unarmed           |     7 |       ||     7
       Dagger            |    13 |       ||    13
       Long sword        |     3 |    27 ||    30
Throw: Tomahawk          |     3 |       ||     3
 Cast: Shock             |    51 |    54 ||   105
       Static Discharge  |     6 |     2 ||     8
  Use: Potion            |       |     4 ||     4
 Stab: Sleeping          |       |     1 ||     1
  Eat: Chunk             |     3 |     4 ||     7
